 Dungeon Crawl Stone Soup version 0.28-a0-1404-g4df0f3684d (webtiles) character file.

Game seed: 14058139994504763974

39 HallandMoats the Shield-Bearer (level 3, -4/29 HPs)
             Began as a Formicid Fighter on Jan 6, 2022.
             Was a Follower of Dithmenos.
             Slain by a gnoll (6 damage)
             ... on level 2 of the Dungeon.
             The game lasted 00:01:12 (1782 turns).

HallandMoats the Shield-Bearer (Formicid Fighter)   Turns: 1782, Time: 00:01:13

Health: -4/29      AC:  6    Str: 20    XL:     3   Next: 67%
Magic:  3/3        EV:  9    Int: 10    God:    Dithmenos [*.....]
Gold:   77         SH:  4    Dex:  8    Spells: 2/2 levels left

rFire   . . .      SeeInvis +   b - +3 whip of Fate {vorpal, rN+ Int+3 Dex-4}
rCold   . . .      Faith    .   c - +0 buckler
rNeg    + . .      Spirit   .   k - +0 scale mail
rPois   .          Reflect  .   (helmet unavailable)
rElec   .          Harm     .   (no cloak)
rCorr   .          Rampage  .   (no gloves)
Will    .....                   (no boots)
Stlth   ..........              (no amulet)
HPRegen 0.09/turn               (no ring)
MPRegen 0.08/turn               (no ring)

@: wreathed by umbra
A: permanent stasis, dig shafts and tunnels, antennae 3, four strong arms
a: Dig, Shaft Self, Renounce Religion


You were on level 2 of the Dungeon.
You worshipped Dithmenos.
Dithmenos was aware of your devotion.
You visited 1 branch of the dungeon, and saw 2 of its levels.

You collected 77 gold pieces.

Inventory:

Hand Weapons
 a - a +0 war axe
 b - the +3 whip of Fate (weapon) {vorpal, rN+ Int+3 Dex-4}
   (You found it on level 2 of the Dungeon)

   It inflicts extra damage upon your enemies.
   Int:       It affects your intelligence (+3).
   Dex:       It affects your dexterity (-4).
   rN:        It protects you from negative energy.
Armour
 c - a +0 buckler (worn)
 k - a +0 scale mail (worn)
Scrolls
 f - 5 scrolls of identify {unknown}
 i - a scroll of acquirement {unknown}
 j - 2 scrolls of enchant weapon {unknown}
 m - a scroll of teleportation {unknown}
 n - a scroll of noise {unknown}
Potions
 d - a potion of might
 e - a potion of curing {unknown}
 g - 2 potions of attraction {unknown}
 h - a potion of cancellation {unknown}
 l - a potion of brilliance {unknown}


   Skills:
 + Level 3.5 Fighting
 * Level 2.8 Axes
 + Level 3.5 Armour
 + Level 0.6 Dodging
 + Level 3.8 Shields
 + Level 0.9 Invocations


You had 2 spell levels left.
You didn't know any spells.
Your spell library contained the following spells:

 Spells                   Type           Power      Damage    Failure   Level
 Hailstorm                Conj/Ice       0%         3d3       100%        4
 Ice Form                 Ice/Tmut       0%         N/A       100%        4
 Simulacrum               Ice/Necr       0%         N/A       100%        6


Dungeon Overview and Level Annotations

Branches:
Dungeon (2/15)

Altars:
Dithmenos


Innate Abilities, Weirdness & Mutations

You cannot be hasted, slowed, berserked, paralysed or teleported.
You can dig through walls and to a lower floor.
You have a pair of large antennae on your head. (SInv)
Your four strong arms can wield two-handed weapons with a shield.


Message History

You block the gnoll's attack. The gnoll barely misses you. x2
There are monsters nearby!
You completely miss the gnoll.
The gnoll is severely wounded.
The gnoll hits you with a +0 club. The gnoll completely misses you.
The gnoll barely misses you. The gnoll hits you with a +0 club.
There are monsters nearby!
You are too injured to fight recklessly!
There are monsters nearby!
You are too injured to fight recklessly!
There are monsters nearby!
You are too injured to fight recklessly!
There are monsters nearby!
You are too injured to fight recklessly!
There are monsters nearby!
You are too injured to fight recklessly!
There are monsters nearby!
You are too injured to fight recklessly!
There are monsters nearby!
You are too injured to fight recklessly!
There are monsters nearby!
You are too injured to fight recklessly!
There are monsters nearby!
The gnoll closely misses you.
You see here a ball python corpse.
You hit the gnoll.
You kill the gnoll!
Dithmenos accepts your kill. The gnoll closely misses you.
Things that are here:
a +0 whip; a gnoll corpse You hit the gnoll.
The gnoll is moderately wounded.
The gnoll closely misses you. The gnoll barely misses you.
You hit the gnoll.
The gnoll is heavily wounded.
The gnoll hits you from afar with a +0 halberd!
* * * LOW HITPOINT WARNING * * *
The gnoll hits you with a +0 club.
You die...

### #.# #############.#
#........gg...# ###
#.###########g# #.######## #.#
#g# #......... #g# #.# #.#######.
#.# #.######## #.# #. #'#
###.gg@....# #.# #.
.....######....###.### #.#######.
.....+.........# #.# #.#....##.
.....######....###.#####'#.##.##.
.....# #.............†..##.##.
.....# #................##.##.
.....# #................##.##.
.....# #................##.##.
#######.####.#####.#.##.##.


You could see 2 gnolls.

Vanquished Creatures
  A gnoll (D:2)
  2 dart slugs
  5 endoplasms
  2 giant cockroaches (D:1)
  A hobgoblin (D:1)
  2 kobolds (D:1)
  4 ball pythons
  3 bats (D:1)
  2 frilled lizards (D:2)
  A rat (D:1)
23 creatures vanquished.

Notes
Turn   | Place    | Note
-------+----------+-------------------------------------------
     0 | D:1      | HallandMoats the Formicid Fighter began the quest for the
                  | Orb.
     0 | D:1      | Reached XP level 1. HP: 18/18 MP: 1/1
   171 | D:1      | Found a faded altar of an unknown god.
   267 | D:1      | Reached XP level 2. HP: 23/24 MP: 2/2
   326 | D:1      | Prayed at the altar of an unknown god.
   326 | D:1      | Became a worshipper of Dithmenos the Shadowed
   326 | D:1      | Reached * piety under Dithmenos
  1129 | D:2      | Identified the +3 whip of Fate {vorpal, rN+ Int+3 Dex-4}
  1282 | D:2      | Reached XP level 3. HP: 29/29 MP: 3/3
  1782 | D:2      | Slain by a gnoll

Illustrated notes

Levels and vault maps discovered:
D:1:      dpeg_arrival_round_b, layout_basic, serial_co_window_serial,
          co_window_paths_b, co_window_of_opportunity_a, co_window_paths_b,
          co_window_cross_1, co_window_paths_a, co_window_unsneaky_path_d,
          co_window_corner_ca, co_window_cross_3, co_window_paths_c,
          co_window_broadway_a, co_window_cross_2, glass_columns_c,
          glass_columns_a, glass_columns_c, nicolae_ecumenical_lake_church
D:2:      layout_basic

Action                   || total
-------------------------++-------
Melee: War axe           ||    42
       Whip              ||    20
Armor: Scale mail        ||    29
Dodge: Dodged            ||    36
Block: Buckler           ||    14

Table legend: (Time is in decaauts)
 A = Elapsed time spent in this place.
 B = Non-inter-level travel time spent in this place.
 C = Inter-level travel time spent in this place.
 D = Time resting spent in this place.
 E = Time spent auto-exploring this place.
 F = Levels seen in this place.
 G = Mean time per level.
                   A        B        C        D        E       F      G
               +--------+--------+--------+--------+--------+-----+--------+
         Total |   1801 |   1741 |     60 |      0 |   1534 |   2 |  900.5 |
       Dungeon |   1801 |   1741 |     60 |      0 |   1534 |   2 |  900.5 |
               +--------+--------+--------+--------+--------+-----+--------+

Top non-repeatable levels by time:
     D:1: 1132 daAuts
     D:2: 668 daAuts
